 Dungeon Crawl Stone Soup version 0.19-a0-1920-g83281cb (webtiles) character file.

59 varam the Sneak (level 4, 21/21 HPs)
             Began as a Vine Stalker Enchanter on Oct 23, 2016.
             Quit the game on level 2 of the Dungeon.
             The game lasted 00:03:21 (1017 turns).

varam the Sneak (Vine Stalker Enchanter)            Turns: 1017, Time: 00:03:22

Health: 21/21      AC:  0    Str: 10    XL:     4   Next: 3%
Magic:  8/8        EV: 12    Int: 16    God:
Gold:   78         SH:  0    Dex: 15    Spells: 2 memorised, 4 levels left

rFire  . . .     SeeInvis .     a - +1 dagger
rCold  . . .     Gourm    .     m - -2 robe (curse)
rNeg   . . .     Faith    .     (no shield)
rPois  .         Spirit   +     (no helmet)
rElec  .         Reflect  .     (no cloak)
rCorr  .         Harm     .     (no gloves)
MR     .....                    (no boots)
Stlth  +++.......               (no amulet)
                                (no ring)
                                (no ring)

@: no status effects
A: fangs 2, regeneration 1, magic shield, antimagic bite, no device heal 3, rot
immunity
a: no special abilities


You were on level 2 of the Dungeon.
You were not hungry.

You visited 1 branch of the dungeon, and saw 2 of its levels.

You collected 78 gold pieces.

Inventory:

Hand Weapons
 a - a +1 dagger (weapon)
Armour
 b - a +1 robe
 g - a +2 ring mail of positive energy
 m - a cursed -2 robe (worn)
Jewellery
 l - a cursed -2 ring of dexterity {unknown}
Scrolls
 i - a scroll of identify {unknown}
 k - a scroll of remove curse {unknown}
 n - a scroll of noise {unknown}
 o - a scroll of teleportation {unknown}
Potions
 e - a potion of magic {unknown}
 j - a potion of flight {unknown}
Books
 c - a book of Maledictions

   Spells                             Type                      Level
   a - Corona                         Hexes                        1
   b - Ensorcelled Hibernation        Hexes/Ice                    2
   c - Confuse                        Hexes                        3
   d - Tukima's Dance                 Hexes                        3
   e - Dazzling Spray                 Conjuration/Hexes            3
Comestibles
 d - 3 bread rations
 h - a slice of pizza


   Skills:
 - Level 0.3 Fighting
 + Level 1.8 Short Blades
 - Level 0.1 Armour
 - Level 1.5 Dodging
 + Level 5.3 Stealth
 - Level 2.1 Spellcasting
 - Level 3.0 Hexes


You had 4 spell levels left.
You knew the following spells:

 Your Spells              Type           Power        Failure   Level  Hunger
a - Corona                Hex            ##.....      8%          1    #......
b - Ensorcelled Hibernat  Hex/Ice        #.....       17%         2    ###....


Dungeon Overview and Level Annotations

Branches:
Dungeon (2/15)

Altars:


Innate Abilities, Weirdness & Mutations

You have extremely sharp teeth.
Your natural rate of healing is unusually fast.
When hurt, damage is shared between your health and your magic reserves.
Your bite disrupts and absorbs the magic of your enemies.
Potions and wands cannot restore your health.
You are immune to rotting.


Message History

The adder barely misses you.
You hit the adder.
You kill the adder!
You have reached level 4!
You feel agile.
You begin to heal more quickly.
You see here an adder corpse.
You butcher the adder corpse.
f - 4 chunks of flesh (gained 1)
You see here an adder skeleton.
You start resting.
HP restored.
You start resting.
Magic restored.
You start waiting.
Some of the chunks of flesh in your inventory have rotted away.
Eating a chunk of flesh.
You start eating the chunk of flesh.
You are feeling hungry.
This raw flesh tastes terrible.
Are you sure you want to abandon this character and quit the game? (Confirm with "yes".)

########.###.##
#.##.##.#.##
.....g.#.# #.#
#.##.#.....#.#
######.#.# #.#
#.## #.(...#.#
# #.#.# #.# #.#
#.###.#.# #
#.#.# #.# #.#
#.....#.#
######...# #.#
#.# #######.#
......#..# #.#
#.# ..#
#####.#.<# #.#
#.# #.##.# #.#
#@#
#.##.###.###.##
#.##.##.......#
#.##..#..###..#
#.###.#..###..#
#.# #......#..#
#.# ##.#.#.#..#
#.....†..#.#..#
#######..# #.<#


There were no monsters in sight!

Vanquished Creatures
  3 adders (D:2)
  A worm (D:2)
  A dart slug (D:1)
  4 giant cockroaches
  2 goblins
  3 hobgoblins
  3 kobolds (D:1)
  7 bats
  2 frilled lizards (D:1)
  2 rats (D:1)
28 creatures vanquished.

Notes
Turn   | Place    | Note
-------+----------+-------------------------------------------
     0 | D:1      | varam the Vine Stalker Enchanter began the quest for the Orb.
     0 | D:1      | Reached XP level 1. HP: 9/9 MP: 4/4
    74 | D:1      | Reached skill level 1 in Short Blades
   110 | D:1      | Reached skill level 4 in Stealth
   147 | D:1      | Reached XP level 2. HP: 4/13 MP: 4/6
   306 | D:1      | Learned a level 2 spell: Ensorcelled Hibernation
   527 | D:2      | Reached XP level 3. HP: 17/17 MP: 7/7
   772 | D:2      | Reached skill level 5 in Stealth
   892 | D:2      | Gained mutation: Your natural rate of healing is unusually fast. [Vine Stalker growth]
   892 | D:2      | Reached XP level 4. HP: 4/21 MP: 1/8
  1017 | D:2      | Quit the game

Vault maps used:
D:1:      dpeg_arrival_long_road
D:2:      uniq_sigmund

Skill      XL: |  1  2  3 |
---------------+----------+-----
Short Blades   | 1 |  1.8
Stealth        | 4 5 |  5.3
Fighting       | |  0.3
Armour         | |  0.1
Dodging        | |  1.5
Spellcasting   | |  2.1
Hexes          | |  3.0

Action                   |  1- 3 |  4- 6 || total
-------------------------+-------+-------++-------
Melee: Dagger            |   103 |       ||   103
       Bite              |    12 |       ||    12
 Cast: Corona            |     2 |       ||     2
 Stab: Sleeping          |     6 |       ||     6
  Eat: Chunk             |       |     1 ||     1
Armor: Robe              |    38 |       ||    38
       Ring mail         |    10 |       ||    10
Dodge: Dodged            |    64 |       ||    64
